 Dungeon Crawl Stone Soup version 0.30-a0-760-g5a9884bb7c (webtiles) character file.

Game seed: 8779468852458029240

79298 omnomnOMINOUS the Fighter (level 15, -14/98 HPs)
             Began as an Octopode Wanderer on Feb 10, 2023.
             Was the Champion of Hepliaklqana.
             Demolished by an ettin
             ... wielding a +0 dire flail
              (33 damage)
             ... on level 13 of the Dungeon.
             The game lasted 01:21:12 (23742 turns).

omnomnOMINOUS the Fighter (Octopode Wanderer)      Turns: 23742, Time: 01:21:12

Health: -14/98     AC:  6    Str: 30    XL:     15   Next: 63%
Magic:  27/27      EV: 19    Int: 27    God:    Hepliaklqana [******]
Gold:   1871       SH:  7    Dex: 15    Spells: 4/27 levels left

rFire   + + +      SeeInvis .    a - +6 spear of Fuyvaus {vamp, rF++}
rCold   + . .      Faith    .    y - +2 buckler {AC+3}
rNeg    + . .      Spirit   .    P - +2 hat {Int+3}
rPois   .          Reflect  .    c - amulet "Ceutuj" {Regen+ Str+7 Int+5}
rElec   .          Harm     .    A - +6 ring of strength
rCorr   +          Rampage  .    E - ring of positive energy
Will    ++...                    F - ring of resist corrosion
Stlth   ++                       G - ring of willpower
HPRegen 1.16/turn                J - ring of flight
MPRegen 0.20/turn                I - ring of protection from cold
                                 h - ring of protection from fire
                                 W - +6 ring of strength

@: flying
A: reduced essence, almost no armour, amphibious, 8 rings, camouflage 1,
gelatinous body 1, (nimble swimmer 1), tentacles, tentacle spike 1, high MP 1
a: Renounce Religion, Recall Ancestor, Ancestor Identity, Transference, Idealise


You were on level 13 of the Dungeon.
You worshipped Hepliaklqana.
Hepliaklqana was exalted by your worship.
You visited 4 branches of the dungeon, and saw 21 of its levels.
You also visited: Ice Cave.

You collected 2647 gold pieces.
You spent 776 gold pieces at shops.

Inventory:

Hand Weapons
 a - the +6 spear of Fuyvaus (weapon) {vamp, rF++}
   (You bought it in a shop on level 2 of the Orcish Mines)

   rF:        It greatly protects you from fire.
 b - a +2 spear of electrocution
 i - a +3 spear of venom
 v - a +4 halberd
 M - a +6 eveningstar of holy wrath
 Q - a +0 trident of venom
Missiles
 g - 47 poisoned darts (quivered)
 j - 2 throwing nets
 o - 3 curare-tipped darts
 q - 10 atropa-tipped darts
Armour
 y - a +2 buckler of protection (worn)
 P - a +2 hat of intelligence (worn)
Magical Staves
 T - a staff of air
Jewellery
 c - the amulet "Ceutuj" (around mantle) {Regen+ Str+7 Int+5}
   (You found it in an ice cave)

   [amulet of regeneration]

   Str:       It affects your strength (+7).
   Int:       It affects your intelligence (+5).
   Regen:     It increases your rate of health regeneration.
 h - a ring of protection from fire (on tentacle)
 A - a +6 ring of strength (left tentacle)
 E - a ring of positive energy (right tentacle)
 F - a ring of resist corrosion (on tentacle)
 G - a ring of willpower (on tentacle)
 I - a ring of protection from cold (on tentacle)
 J - a ring of flight (on tentacle)
 W - a +6 ring of strength (on tentacle)
Wands
 r - a wand of mindburst (9)
 u - a wand of light (13)
 H - a wand of charming (13)
 N - a wand of flame (28)
 V - a wand of roots (6)
Scrolls
 d - 4 scrolls of blinking
 k - a scroll of silence
 m - 6 scrolls of poison
 n - 4 scrolls of amnesia
 p - 2 scrolls of immolation
 s - a scroll of magic mapping
 w - 5 scrolls of teleportation
 B - 3 scrolls of fear
 C - 8 scrolls of identify
 D - a scroll of vulnerability
 K - a scroll of enchant weapon
 U - a scroll of fog
Potions
 e - 5 potions of cancellation
 f - 2 potions of heal wounds
 l - 6 potions of curing
 t - 2 potions of flight
 x - 3 potions of haste
 z - 5 potions of mutation
 O - 3 potions of resistance
 R - a potion of attraction
 S - a potion of invisibility
 X - a potion of lignification
Miscellaneous
 L - a tin of tremorstones (1/2)


   Skills:
 + Level 12.5 Fighting
 - Level 1.0(7.6) Axes
 - Level 11.9(12.0) Polearms
 + Level 12.2 Dodging
 - Level 6.0 Shields
 + Level 6.6 Spellcasting
 - Level 4.0 Conjurations
 + Level 7.2 Translocations
 + Level 10.1 Transmutations
 + Level 10.1 Earth Magic


You had 4 spell levels left.
You knew the following spells:

 Your Spells              Type           Power      Damage    Failure   Level
a - Passwall              Tmut/Erth      49%        N/A       1%          2
b - Blink                 Tloc           96%        N/A       1%          2
c - Swiftness             Air            8%         N/A       24%         3
d - Iskenderun's Mystic   Conj/Tloc      39%        2d9       8%          4
e - Iron Shot             Conj/Erth      23%        9d5       54%         6
f - Statue Form           Tmut/Erth      39%        N/A       19%         6

Your spell library contained the following spells:

 Spells                   Type           Power      Damage    Failure   Level
 Beastly Appendage        Tmut           100%       N/A       1%          1
 Magic Dart               Conj           100%       1d8       1%          1
 Momentum Strike          Conj/Tloc      78%        3d10      1%          2
 Petrify                  Tmut/Erth      59%        N/A       1%          4
 Searing Ray              Conj           60%        2d6       2%          2
 Foxfire                  Conj/Fire      76%        2x1d7     3%          1
 Manifold Assault         Tloc           48%        N/A       3%          4
 Necrotise                Necr           32%        1d5       8%          1
 Kindle Blastsparks       Fire/Tloc/Air  44%        2d13      9%          3
 Ensorcelled Hibernation  Hex/Ice        16%        N/A       12%         2
 Inner Flame              Hex/Fire       8%         N/A       24%         3
 Vampiric Draining        Necr           8%         2d6       24%         3
 Flame Wave               Conj/Fire      19%        2d7       34%         4
 Fulminant Prism          Conj/Hex       9%         3d7       34%         4
 Sticky Flame             Conj/Fire      19%        2d4       34%         4
 Anguish                  Hex/Necr       4%         N/A       61%         4
 Summon Ice Beast         Ice/Summ       8%         N/A       61%         4
 Blade Hands              Tmut           29%        N/A       3%          5
 Lee's Rapid Deconstruct  Erth           29%        3d15*     3%          5
 Summon Forest            Summ/Tloc      14%        N/A       43%         5
 Fireball                 Conj/Fire      9%         3d6       67%         5
 Eringya's Noxious Bog    Tmut/Pois      18%        N/A       83%         6
 Agony                    Necr           8%         N/A       91%         5
 Metabolic Englaciation   Hex/Ice        4%         N/A       91%         5
 Silence                  Hex/Air        4%         N/A       91%         5
 Starburst                Conj/Fire      9%         6d5       99%         6
 Enfeeble                 Hex            4%         N/A       100%        7
 Storm Form               Tmut/Air       18%        N/A       100%        7
 Summon Hydra             Summ           4%         N/A       100%        7
 Disjunction              Tloc           24%        N/A       100%        8
 Animate Armour           Summ/Erth      Unusable   N/A       N/A         4

Dungeon Overview and Level Annotations

Branches:
Dungeon (13/15)            Temple (0/1) D:6            Lair (5/5) D:9
 Shoals (0/4) Lair:3        Snake (0/4) Lair:2        Slime (0/5) Lair:4
    Orc (2/2) D:11            Elf (1/3) Orc:2         IceCv (visited)
 Vaults: D:13-14

Altars:
Ashenzari
Elyvilon
Fedhas
Gozag
Hepliaklqana
Kikubaaqudgha
Makhleb
Okawaru
Ru
Trog
Xom
Zin
The Shining One
Jiyva

Shops:
D:5 [   D:7 *   D:9 [   D:10 *   D:11 ?   Orc:1 ?   Orc:2 [:*(


Innate Abilities, Weirdness & Mutations

Your life essence is reduced to manifest your ancestor. (-10% HP)
You cannot wear most types of armour.
You are amphibious.
You can wear up to eight rings at the same time.
Your skin changes colour to match your surroundings (Stealth+).
Your rubbery body absorbs attacks. (AC +1, EV +1)
((You are camouflaged when in or above water. (Stealth+)))
You have tentacles for arms and can constrict up to eight enemies at once.
One of your tentacles bears a spike.
You have an increased reservoir of magic. (+10% MP)


Message History

You block the fire giant's attack.
Om hits the fire giant with a +0 broad axe of flaming!
You completely miss the fire giant.
You pierce the fire giant, but do no damage.
You squeeze the fire giant!
The fire giant is almost dead.
You hit the fire giant but do no damage.
You pierce the fire giant.
You squeeze the fire giant.
You kill the fire giant!
The ettin closely misses om.
Om blocks the ettin's attack. x2
The ettin closely misses om.
You swap places.
The ettin barely misses you.
The ettin hits you with a +0 dire flail!
The ettin hits you with a +0 dire flail!!
The ettin misses you.
There is an open translucent door, spattered with blood here.
You see here a +0 great sword of flaming.
Unknown command.
The ettin attacks as you move away! The ettin completely misses you.
The ettin barely misses you.
Om hits the ettin with a +0 broad axe of flaming!
Om burns the ettin.
You hit the ettin but do no damage.
You pierce the ettin, but do no damage.
The ettin is lightly wounded.
The ettin hits om but does no damage.
The ettin hits om with a +0 dire flail!!!
Om is destroyed!
You hit the ettin but do no damage.
You pierce the ettin, but do no damage.
The ettin is lightly wounded.
The ettin is no longer blind.
You puncture the ettin!
You feel better.
Your tentacle spike misses the ettin.
The ettin is moderately wounded.
The ettin attacks as you move away! The ettin closely misses you.
The ettin hits you with a +0 dire flail.
The ettin attacks as you move away! The ettin barely misses you.
The ettin hits you with a +0 dire flail!!!
* * * LOW HITPOINT WARNING * * *
The ettin attacks as you move away!
The ettin hits you with a +0 dire flail!!
You die...

.......................#
#......#.)....##.....#.#
..#.#..#.)####..######
.......#..#).#..##....
..........#).#........
..........#}.)..##.
...##.....####C.# .
.#.##..........C### ...
##..##......@.#
#...............#.#
###..##....).##... #.#
######.# #.... .. #...
.....# ## #####.(...#
....# ....#


You could see 2 ettins.

Vanquished Creatures
  Jorgrun (Orc:1)
  Kirke (D:13)
  An azure jelly (IceCv)
  A fire giant (D:13)
  2 quicksilver oozes (IceCv)
  A fire dragon (Lair:5)
  Fannar (D:12)
  A boulder beetle (D:13)
  A tengu warrior (D:13)
  The ghost of Ydghaihet the Thaumaturge, a novice DrFE of Vehumet (D:11)
  An orc high priest (Orc:1)
  Urug (Lair:4)
  Sonja (Orc:1)
  Amaemon (D:11)
  2 skeletal warriors
  Lodul (D:12)
  A skyshark (Lair:4)
  A glowing orange brain (D:11)
  A glowing orange brain (shapeshifter) (D:11)
  A deep elf pyromancer (D:12)
  3 orc knights (Orc:2)
  4 cyclopes
  3 ugly things (D:11)
  4 elephants (Lair:5)
  5 black mambas
  Joseph (D:7)
  Maurice (D:12)
  11 cane toads
  A molten gargoyle (Lair:5)
  An orange demon (D:11)
  A gargoyle (D:11)
  A torpor snail (Lair:5)
  2 rime drakes (Lair:3)
  3 komodo dragons
  A tengu conjurer (D:13)
  4 trolls
  A queen bee (shapeshifter) (D:12)
  A meliai (Lair:4)
  A polar bear (Lair:2)
  13 slime creatures
  6 spriggans (Lair:4)
  4 wraiths
  6 wyverns
  2 basilisks
  31 yaks
  A basilisk (shapeshifter) (D:11)
  2 humans (D:10)
  2 neqoxecs (D:11)
  3 steam dragons
  3 wargs
  2 hell hounds (Lair:5)
  An acid dragon (D:10)
  13 water moccasins
  22 orc warriors
  2 black bears
  2 ice beasts (Lair:2)
  5 great orb of eyes simulacra (IceCv)
  11 ogres
  18 wolves
  2 centaurs
  2 slime creature simulacra (IceCv)
  A kobold brigand (D:9)
  7 bullfrogs
  2 scorpions (D:5)
  2 glowing shapeshifter simulacra (IceCv)
  2 necrophages
  Dowan (D:5)
  27 killer bees
  5 howler monkeys
  A vampire bat (D:9)
  An electric eel (Lair:4)
  5 hounds
  5 lava snakes (Lair:5)
  10 orc priests
  Crazy Yiuf (D:2)
  An iguana (D:4)
  14 orc wizards
  A hell rat (Lair:5)
  2 gnolls (D:8)
  2 river rats (Lair:5)
  A river rat (shapeshifter) (D:11)
  4 adders
  A white imp (D:5)
  An ufetubus (D:7)
  3 worms
  4 dart slugs
  64 orcs
  4 ball pythons
  3 bat skeletons (D:9)
  2 bat zombies (D:9)
  5 endoplasms
  6 giant cockroaches
  4 goblins
  9 hobgoblins
  A jackal (D:4)
  2 quokkas (D:2)
  5 bats
  5 frilled lizards
  8 kobolds
  12 rats
458 creatures vanquished.

Vanquished Creatures (collateral kills)
  2 orc warlords (Orc:2)
  2 quicksilver oozes (IceCv)
  An ettin (Orc:1)
  Snorg (D:13)
  The ghost of Sabo the Protected, a journeyman GnWn of Wu Jian (D:10)
  3 two-headed ogres
  2 skeletal warriors
  A skyshark (Lair:2)
  A lindwurm (Lair:5)
  3 orc sorcerers (Orc:2)
  A deep elf pyromancer (D:12)
  An orc knight (Orc:2)
  An ugly thing (D:11)
  5 black mambas
  An elephant (Lair:5)
  2 ice statues
  A molten gargoyle (Lair:5)
  A komodo dragon (Lair:4)
  An ice devil (Lair:2)
  2 trolls
  2 meliai (Lair:4)
  A wind drake (shapeshifter) (D:11)
  A polar bear (Lair:2)
  8 slime creatures
  3 spriggans (Lair:4)
  5 wyverns
  13 yaks
  A basilisk (shapeshifter) (D:11)
  3 basilisks (Lair:5)
  A neqoxec (D:11)
  A steam dragon (Lair:1)
  A hell hound (Lair:5)
  Duvessa (D:5)
  7 water moccasins
  15 orc warriors
  5 ice beasts
  3 great orb of eyes simulacra (IceCv)
  3 ogres
  2 black bears
  6 wolves
  2 centaurs
  A slime creature simulacrum (IceCv)
  A phantom (D:4)
  A kobold brigand (D:7)
  A gnoll sergeant (D:8)
  6 bullfrogs
  A scorpion (D:5)
  A glowing shapeshifter simulacrum (IceCv)
  5 wights (D:7)
  14 killer bees
  A vampire bat (D:9)
  A howler monkey (D:8)
  A hound (D:6)
  3 orc priests
  2 jellies (D:5)
  3 iguanas (D:5)
  A hell rat (Lair:5)
  A shapeshifter simulacrum (IceCv)
  9 orc wizards
  3 gnolls (D:8)
  2 adders
  4 white imps
  An ufetubus (D:5)
  38 orcs
  A jackal (D:4)
  A ball python (D:4)
  4 kobolds
  A rat (Lair:5)
225 creatures vanquished.

Vanquished Creatures (others)
  A hell hound (Lair:5)
  17 knights
  An ancestor (D:4)
  52 fungi
  30 plants
101 creatures vanquished.

Grand Total: 784 creatures vanquished

Notes
Turn   | Place    | Note
-------+----------+-------------------------------------------
     0 | D:1      | omnomnOMINOUS the Octopode Wanderer began the quest for the
                  | Orb.
     0 | D:1      | omnomnOMINOUS set off with the following items: a +0 hand
                  | axe, a +0 buckler of protection, a +0 hat, a scroll of
                  | blinking.
     0 | D:1      | Reached XP level 1. HP: 16/16 MP: 1/1
   115 | D:1      | Reached XP level 2. HP: 21/21 MP: 2/2
   523 | D:1      | Reached skill level 1 in Spellcasting
   523 | D:1      | Reached XP level 3. HP: 26/26 MP: 4/4
  1017 | D:2      | Reached XP level 4. HP: 31/31 MP: 4/6
  1067 | D:2      | Found a hazy altar of Hepliaklqana.
  1126 | D:2      | Found a runed translucent door.
  1156 | D:2      | Became a worshipper of Hepliaklqana the Forgotten
  1186 | D:2      | Noticed Crazy Yiuf
  1194 | D:2      | Killed Crazy Yiuf
  1579 | D:3      | Reached * piety under Hepliaklqana
  1630 | D:3      | Found a blossoming altar of Fedhas.
  1826 | D:3      | Reached XP level 5. HP: 30/33 MP: 7/7
  1931 | D:4      | Noticed a phantom
  1932 | D:4      | Noticed a black bear
  1946 | D:4      | Noticed a black bear
  2332 | D:4      | Found a sacrificial altar of Ru.
  2393 | D:4      | Killed a black bear
  2394 | D:4      | Reached skill level 5 in Shields
  2394 | D:4      | Reached XP level 6. HP: 7/38 MP: 7/9
  2623 | D:4      | Killed a black bear
  2631 | D:4      | Reached XP level 7. HP: 25/44 MP: 11/11
  2723 | D:4      | Reached ** piety under Hepliaklqana
  2724 | D:4      | Remembered your ancestor om as a knight
  2871 | D:5      | Entered Level 5 of the Dungeon
  2892 | D:5      | Found a broken altar of Ashenzari.
  2915 | D:5      | Reached skill level 5 in Fighting
  3037 | D:5      | Found a glowing golden altar of the Shining One.
  3067 | D:5      | Noticed Dowan
  3067 | D:5      | Noticed Duvessa
  3077 | D:5      | Killed Duvessa
  3078 | D:5      | Reached XP level 8. HP: 50/50 MP: 13/13
  3089 | D:5      | Killed Dowan
  3228 | D:5      | Reached skill level 5 in Dodging
  3638 | D:5      | Noticed a two-headed ogre
  3752 | D:5      | Found Hokeem's Armour Shoppe.
  4018 | D:5      | Found a burning altar of Makhleb.
  4312 | D:6      | Reached *** piety under Hepliaklqana
  4564 | D:6      | Found an opulent altar of Gozag.
  4583 | D:6      | You fall into a shaft and drop 1 floor!
  4749 | D:7      | Reached skill level 1 in Polearms
  4751 | D:7      | Gained mutation: You are strong-willed. (Will+) [potion of
                  | mutation]
  4751 | D:7      | Gained mutation: Your body sometimes deteriorates upon
                  | taking damage. [potion of mutation]
  5097 | D:6      | Found a staircase to the Ecumenical Temple.
  5312 | D:7      | Found Unag's General Store.
  5337 | D:7      | Reached XP level 9. HP: 36/56 MP: 14/16
  5344 | D:7      | Reached skill level 5 in Spellcasting
  5347 | D:7      | Lost mutation: You are strong-willed. (Will+) [potion of
                  | mutation]
  5347 | D:7      | Lost mutation: Your body sometimes deteriorates upon taking
                  | damage. [potion of mutation]
  5347 | D:7      | Gained mutation: You are occasionally teleported next to
                  | monsters. [potion of mutation]
  5539 | D:7      | Bought a potion of mutation for 120 gold pieces
  5539 | D:7      | Bought a potion of haste for 150 gold pieces
  5539 | D:7      | Bought a potion of curing for 45 gold pieces
  5539 | D:7      | Lost mutation: You are occasionally teleported next to
                  | monsters. [potion of mutation]
  5539 | D:7      | Gained mutation: Potions are less effective at restoring
                  | your health. [potion of mutation]
  5879 | D:7      | Noticed Joseph
  5893 | D:7      | Killed Joseph
  6153 | D:8      | Reached skill level 5 in Polearms
  6303 | D:8      | Reached XP level 10. HP: 43/63 MP: 17/19
  6466 | D:8      | Learned a level 6 spell: Statue Form
  6481 | D:8      | Found a glowing silver altar of Zin.
  6766 | D:9      | Lost mutation: Potions are less effective at restoring your
                  | health. [potion of mutation]
  6766 | D:9      | Gained mutation: You have an increased reservoir of magic.
                  | (+10% MP) [potion of mutation]
  6818 | D:9      | Reached skill level 1 in Transmutations
  6824 | D:9      | Reached skill level 1 in Earth Magic
  6902 | D:9      | Found a staircase to the Lair.
  6915 | D:9      | Found Ifrol's Armour Shoppe.
  7017 | D:9      | Found a bloodstained altar of Trog.
  7017 | D:9      | Found a white marble altar of Elyvilon.
  7140 | D:9      | Reached **** piety under Hepliaklqana
  7150 | D:9      | Noticed a two-headed ogre
  7160 | D:9      | Killed a two-headed ogre
  7211 | D:9      | Learned a level 6 spell: Iron Shot
  7386 | D:9      | Found an ancient bone altar of Kikubaaqudgha.
  7399 | D:9      | Learned a level 2 spell: Passwall
  7403 | D:9      | Learned a level 3 spell: Swiftness
  7466 | Lair:1   | Entered Level 1 of the Lair of Beasts
  7682 | Lair:1   | Noticed a cane toad
  7690 | Lair:1   | Killed a cane toad
  7895 | Lair:1   | Reached XP level 11. HP: 11/69 MP: 22/22
  8871 | Lair:2   | Found a staircase to the Snake Pit.
  9068 | Lair:2   | Noticed a skyshark
  9084 | Lair:2   | Killed a skyshark
  9612 | Lair:2   | Reached skill level 5 in Transmutations
  9626 | Lair:2   | Reached skill level 5 in Earth Magic
 10039 | Lair:2   | Reached XP level 12. HP: 76/76 MP: 23/23
 10413 | Lair:2   | Reached skill level 10 in Polearms
 10440 | Lair:3   | Found a staircase to the Shoals.
 10605 | Lair:3   | Learned a level 4 spell: Iskenderun's Mystic Blast
 10684 | Lair:3   | Reached ***** piety under Hepliaklqana
 10903 | Lair:3   | Reached skill level 1 in Conjurations
 12152 | Lair:4   | Got the Verses on Unstable Misfortune
 12300 | Lair:4   | Noticed Urug
 12315 | Lair:4   | Killed Urug
 12316 | Lair:4   | Reached skill level 10 in Fighting
 12716 | Lair:4   | Found a staircase to the Slime Pits.
 12736 | Lair:4   | Reached XP level 13. HP: 82/82 MP: 24/24
 12749 | Lair:4   | Found a viscous altar of Jiyva.
 13110 | Lair:4   | Learned a level 2 spell: Blink
 13156 | Lair:5   | Entered Level 5 of the Lair of Beasts
 13367 | Lair:5   | Reached skill level 1 in Translocations
 13448 | Lair:5   | Reached skill level 10 in Dodging
 13889 | Lair:5   | HP: 2/83 [molten gargoyle/bolt of magma (23)]
 15193 | Lair:5   | Found a large runed translucent door.
 15214 | Lair:5   | Found a large runed translucent door.
 15223 | Lair:5   | Noticed a fire dragon
 15754 | Lair:5   | Killed a fire dragon
 15890 | D:10     | Entered Level 10 of the Dungeon
 15920 | D:10     | Found an iron altar of Okawaru.
 15994 | D:10     | Found Ysopsak's Serpentskin Sales.
 16025 | D:10     | Found a shimmering altar of Xom.
 16026 | D:10     | Found a hazy altar of Hepliaklqana.
 16223 | D:10     | Found a runed translucent gate.
 16224 | D:10     | Found a runed translucent gate.
 16224 | D:10     | Noticed Sabo's ghost (journeyman GnWn)
 16225 | D:10     | Found a runed translucent gate.
 16227 | D:10     | Identified the +5 plate armour of Hedging {Will- Int+4}
 17020 | D:10     | Killed Sabo's ghost
 17028 | D:10     | Reached XP level 14. HP: 43/89 MP: 25/25
 17390 | D:11     | Found a staircase to the Orcish Mines.
 17428 | D:11     | Noticed Amaemon
 17443 | D:11     | Killed Amaemon
 17903 | D:11     | Reached ****** piety under Hepliaklqana
 18063 | D:11     | Got Sif Muna's Parchment of Rime and the Voyage
 18088 | D:11     | Found The Oracle's Delphic Readings.
 18220 | D:11     | Found a runed translucent gate.
 18221 | D:11     | Found a runed translucent gate.
 18221 | D:11     | Found a runed translucent gate.
 18464 | D:11     | Found a runed translucent gate.
 18464 | D:11     | Found a runed translucent gate.
 18467 | D:11     | Found a runed translucent gate.
 18475 | D:11     | Noticed Ydghaihet's ghost (novice DrFE)
 18766 | D:12     | Noticed Fannar
 18778 | D:12     | Killed Fannar
 18834 | Orc:1    | Entered Level 1 of the Orcish Mines
 18838 | Orc:1    | Found Saukhlug's Magic Scroll Shoppe.
 18884 | Orc:1    | Bought a scroll of fog for 44 gold pieces
 18884 | Orc:1    | Bought 2 scrolls of teleportation for 66 gold pieces
 19003 | Orc:1    | Found a frozen archway.
 19012 | IceCv    | Entered an ice cave
 19186 | IceCv    | Noticed a quicksilver ooze
 19231 | IceCv    | Killed a quicksilver ooze
 19304 | IceCv    | Noticed a quicksilver ooze
 19313 | IceCv    | Killed a quicksilver ooze
 19314 | IceCv    | Reached skill level 5 in Translocations
 19741 | IceCv    | Noticed a quicksilver ooze
 19747 | IceCv    | Killed a quicksilver ooze
 19980 | IceCv    | Noticed a quicksilver ooze
 19985 | IceCv    | Found a viscous altar of Jiyva.
 19985 | IceCv    | Noticed an azure jelly
 19997 | IceCv    | Killed a quicksilver ooze
 20002 | IceCv    | Killed an azure jelly
 20173 | IceCv    | Identified the amulet "Ceutuj" {Regen+ Str+7 Int+5}
 20274 | Orc:1    | Noticed Sonja
 20295 | Orc:1    | Killed Sonja
 20395 | Orc:1    | Noticed Jorgrun
 20410 | Orc:1    | Killed Jorgrun
 20877 | Orc:2    | Entered Level 2 of the Orcish Mines
 20885 | Orc:2    | Noticed an orc warlord
 20938 | Orc:2    | Found Ocko's General Store.
 21030 | Orc:2    | Noticed an orc warlord
 21031 | Orc:2    | Bought a scroll of blinking for 127 gold pieces
 21258 | Orc:1    | Found Saukhlug's Magic Scroll Shoppe.
 21638 | Orc:2    | Reached XP level 15. HP: 73/97 MP: 26/26
 21660 | Orc:2    | Found Kefolum's Antique Weapon Shop.
 21731 | Orc:2    | Bought an ichor-stained spear for 224 gold pieces
 21731 | Orc:2    | Identified the +6 spear of Fuyvaus {vamp, rF++} (You bought
                  | it in a shop on level 2 of the Orcish Mines)
 21751 | Orc:2    | Killed an orc warlord
 21924 | Orc:2    | Found Cienam's Book Emporium.
 21970 | Orc:2    | Killed an orc warlord
 22096 | Orc:2    | Found Qussiecou's Antique Armour Shoppe.
 22102 | Orc:2    | Found a staircase to the Elven Halls.
 22247 | Elf:1    | Entered Level 1 of the Elven Halls
 22371 | D:11     | Killed Ydghaihet's ghost
 22382 | D:11     | Gained mutation: One of your tentacles bears a spike.
                  | [mutagenic glow]
 22630 | D:12     | Noticed Maurice
 22636 | D:12     | Killed Maurice
 23016 | D:12     | Noticed Lodul
 23042 | D:12     | Killed Lodul
 23288 | D:13     | Noticed Snorg
 23293 | D:13     | Killed Snorg
 23361 | D:13     | Noticed Kirke
 23370 | D:13     | Killed Kirke
 23371 | D:13     | Reached skill level 10 in Transmutations
 23391 | D:13     | Reached skill level 10 in Earth Magic
 23718 | D:13     | Found a runed translucent door.
 23718 | D:13     | Found the +9 staff of Wucad Mu {*channel}
 23720 | D:13     | Noticed a fire giant
 23734 | D:13     | Killed a fire giant
 23742 | D:13     | Demolished by an ettin

Illustrated notes

Levels and vault maps discovered:
D:1:      spicycebolla_arrival_transporter_tutorial, layout_basic,
          minmay_octomino_c4
D:2:      layout_rooms, basic_altar, uniq_crazy_yiuf_cottage
D:3:      layout_loops_ring, mainiacjoe_overflow_six_doors_small
D:4:      layout_loops_cross, nicolae_ru_sacrificial_ziggurat
D:5:      layout_basic, lemuel_tele_altar, lightli_temple_of_fire,
          lemuel_doored_altar, serial_shops, nicolae_diamond_shop, uniq_duvessa
D:6:      layout_gridville, nicolae_gozag_cash_rules_everything_around_me,
          temple_green
D:7:      layout_loops_cross, serial_shops, shop, uniq_joseph
D:8:      layout_rooms, zin_treasury
D:9:      layout_loops_ring, kennysheep_vampire_church,
          mainiacjoe_overflow_large_starburst, dpeg_oklobed_lair, serial_shops,
          nicolae_diamond_shop
D:10:     layout_basic, regret_index_temple_of_mockery, okawaru_humans,
          biasface_ghost_orc_armoury, guppyfry_shop_venom
D:11:     layout_roguey, hiddenorc2_lemuel,
          ploomutoo_gammafunk_ghost_potion_laboratory, nrook_loot_triangle,
          nicolae_nh_oracle_at_delphi, uniq_amaemon
D:12:     layout_loops_ring, uniq_lodul, uniq_maurice, uniq_fannar
D:13:     layout_rooms, kennysheep_treasure_room, uniq_kirke, uniq_snorg
Lair:1:   layout_long_grid
Lair:2:   layout_regular_city, minmay_snake_entry_six_corridors, ice2_lemuel
Lair:3:   layout_gridlike, elwin_shoals_entry_rocks
Lair:4:   wad_woods_minihive, layout_gridlike, minmay_slime_entry_oklob_open,
          lemuel_fruit_tree, uniq_urug
Lair:5:   cheibrodos_lair_end_hotspot, layout_misc_corridors,
          serial_bayou_pond_d, kennysheep_abandoned_house
Orc:1:    layout_caves, serial_shops, shop, portal_ice_cave_entry_pillars_1,
          nicolae_orc_tapped_out, uniq_sonja, uniq_jorgrun
Orc:2:    grunt_orc_gardens, layout_diamond_mine, grunt_orc_garden,
          grunt_orc_garden, grunt_orc_garden, grunt_orc_garden
Elf:1:    layout_onion_city, minmay_elf_demonology

Skill      XL: |  1  2  3  4  5  6  7  8  9 10 11 12 13 14 15 |
---------------+----------------------------------------------+-----
Spellcasting   | 1 2 3 4 6 |  6.6
Dodging        | 3 4 5 6 7 8 9 10 11 12 | 12.2
Fighting       | 4 5 6 7 8 9 10 11 12 | 12.5
Shields        | 5 6 |  6.0
Polearms       | 2 5 7 9 11 | 11.9
Transmutations | 3 5 6 7 9 10 | 10.1
Earth Magic    | 3 5 6 7 9 10 | 10.1
Conjurations   | 3 4 |  4.0
Translocations | 3 6 7 |  7.2
Axes           | |  1.0

Action                     |  1- 3 |  4- 6 |  7- 9 | 10-12 | 13-15 || total
---------------------------+-------+-------+-------+-------+-------++-------
  Melee: Hand axe          |    82 |    70 |    57 |       |       ||   209
         Constrict         |    22 |    18 |    26 |    61 |    87 ||   214
         Tentacles         |     9 |    21 |    32 |    98 |   249 ||   409
         Punch             |     3 |       |     2 |     6 |    15 ||    26
         Spear             |       |       |    87 |   626 |  1403 ||  2116
         Kick              |       |       |       |       |    87 ||    87
  Throw: Dart              |       |     1 |       |     3 |       ||     4
   Cast: Passwall          |       |       |       |       |     3 ||     3
         Iskenderun's Myst |       |       |       |       |     2 ||     2
 Invoke: Ancestor Identity |       |     1 |       |       |       ||     1
         Ancestor Life: Kn |       |       |     1 |       |       ||     1
         Recall Ancestor   |       |       |     2 |       |    11 ||    13
         Transference      |       |       |       |     1 |       ||     1
  Evoke: Wand              |       |       |     5 |       |    19 ||    24
         Tin of tremorston |       |       |       |       |     3 ||     3
    Use: Scroll            |       |     1 |    16 |     4 |     8 ||    29
         Potion            |       |       |     9 |     4 |    10 ||    23
   Stab: Sleeping          |     5 |     9 |     5 |     8 |     8 ||    35
         Distracted        |       |     1 |     1 |     9 |    15 ||    26
         Invisible         |       |       |       |       |    17 ||    17
 Armour: Skin              |    25 |    13 |    18 |    31 |    39 ||   126
  Dodge: Dodged            |    50 |    35 |    72 |   171 |   284 ||   612
  Block: Buckler           |    18 |    15 |    35 |    55 |   146 ||   269

Table legend: (Time is in decaauts)
 A = Elapsed time spent in this place.
 B = Non-inter-level travel time spent in this place.
 C = Inter-level travel time spent in this place.
 D = Time resting spent in this place.
 E = Time spent auto-exploring this place.
 F = Levels seen in this place.
 G = Mean time per level.
                   A        B        C        D        E       F      G
               +--------+--------+--------+--------+--------+-----+--------+
         Total |  22968 |  21855 |   1113 |   4732 |  12553 |  22 | 1044.0 |
       Dungeon |  11708 |  11038 |    670 |   1274 |   7552 |  13 |  900.6 |
          Lair |   8041 |   7757 |    284 |   2586 |   3699 |   5 | 1608.2 |
  Orcish Mines |   2051 |   1893 |    158 |    398 |    971 |   2 | 1025.5 |
   Elven Halls |      1 |      1 |      0 |      0 |      0 |   1 |    1.0 |
      Ice Cave |   1164 |   1164 |      0 |    473 |    331 |   1 | 1164.0 |
               +--------+--------+--------+--------+--------+-----+--------+

Top non-repeatable levels by time:
  Lair:5: 2380 daAuts
  Lair:2: 1770 daAuts
  Lair:4: 1690 daAuts
    D:11: 1632 daAuts
    D:10: 1327 daAuts
   Orc:1: 1287 daAuts
     D:5: 1240 daAuts
   IceCv: 1164 daAuts
  Lair:1: 1154 daAuts
     D:7: 1047 daAuts
  Lair:3: 1045 daAuts
     D:6: 967 daAuts
    D:12: 960 daAuts
     D:4: 922 daAuts
   Orc:2: 763 daAuts
